St.Louis Blues vs Pittsburgh Penguins (R1)

Created - Wednesday, October 15, 2025 at 08:55

Goals
1 2 3 T
St.Louis Blues 2 1 1 4
Pittsburgh Penguins 1 1 0 2
Shots
1 2 3 T
St.Louis Blues 13 12 15 40
Pittsburgh Penguins 14 8 5 27

1st period

1. St.Louis Blues , Brayden Point 25 (Robert Thomas 56, Jake Guentzel 21) at 1:12
2. St.Louis Blues , Colton Parayko 1 (Brandon Hagel 28, Jack Eichel 35) at 16:18
3. Pittsburgh Penguins , Phillip Danault 9 (Erik Karlsson 23, Zemgus Girgensons 3) at 19:36

Penalties :
Travis Sanheim (PIT) for Hooking (Minor) at 2:11, Jake Guentzel (STL) for Roughing (Minor) at 12:15

2nd period

4. Pittsburgh Penguins , Tage Thompson 25 (Erik Gudbranson 7, Ryan O'Reilly 37) at 11:06
5. St.Louis Blues , Alex Tuch 9 (Jack Eichel 36, Jaccob Slavin 14) at 19:58

Penalties :
Carson Soucy (PIT) for Hooking (Minor) at 1:49, Brandon Hagel (STL) for Roughing (Minor) at 6:22, Mikhail Sergachev (STL) for Tripping (Minor) at 13:05

3rd period

6. St.Louis Blues , Elias Pettersson 18 (Vincent Trocheck 23, Jake Sanderson 23) at 14:30

Penalties :
No Penalty

Goalie Stats

Scott Wedgewood (STL), 25 saves from 27 shots - (0.926), W, 6-2-6, 60:00 minutes
John Gibson (PIT), 36 saves from 40 shots - (0.900), L, 21-16-3, 60:00 minutes

Players Stats for St.Louis Blues

Player Name              G  A  P  +/- PIM S  H  SB GA TA FO     MP     PP MP  PK MP  
------------------------------------------------------------------------------------
Adam Pelech              0  0  0  -1  0   0  0  1  0  0  0/0    10:37   0:00   0:00 
Alex Tuch                1  0  1   2  0   2  1  0  2  0  0/0    16:33   1:50   0:00 
Brandon Hagel            0  1  1   2  2   3  1  0  1  1  1/1    17:44   1:50   0:00 
Brayden Point            1  0  1   0  0   7  0  0  0  0  0/0    18:41   2:31   0:00 
Colton Parayko           1  0  1   2  0   4  1  3  0  0  0/0    24:35   0:00   2:51 
Connor Clifton           0  0  0  -1  0   0  0  0  0  0  0/0    13:42   0:00   3:06 
Elias Pettersson         1  0  1   1  0   4  1  0  0  0  0/0    10:38   0:03   0:09 
Isac Lundestrom          0  0  0  -1  0   3  1  0  0  0  2/3    11:25   0:03   2:43 
Jaccob Slavin            0  1  1   1  0   1  0  2  0  0  0/0    20:17   0:00   3:06 
Jack Eichel              0  2  2   2  0   1  1  2  0  0  5/18   16:56   2:05   0:32 
Jake Guentzel            0  1  1   0  2   1  1  0  0  0  0/0    18:24   2:05   0:00 
Jake Sanderson           0  1  1   2  0   2  1  3  1  0  0/0    27:06   2:31   2:51 
Joona Koppanen           0  0  0  -1  0   1  4  2  0  0  0/0    10:09   0:00   2:42 
Logan O'Connor           0  0  0  -1  0   2  2  0  0  0  0/0    11:51   0:03   2:43 
Mark Stone               0  0  0   1  0   1  1  0  0  0  0/0    12:20   1:27   0:00 
Mikhail Sergachev        0  0  0   1  2   0  1  3  0  2  0/0    19:11   1:27   0:00 
Robert Thomas            0  1  1   0  0   6  3  0  1  0  12/19  18:23   2:05   0:00 
Vincent Trocheck         0  1  1   1  0   2  2  0  0  1  7/8    15:28   1:50   3:05 

Players Stats for Pittsburgh Penguins

Player Name              G  A  P  +/- PIM S  H  SB GA TA FO     MP     PP MP  PK MP  
------------------------------------------------------------------------------------
Blake Coleman            0  0  0  -2  0   0  6  1  0  0  0/1    11:57   0:00   0:00 
Brian Dumoulin           0  0  0  -1  0   2  1  1  0  1  0/0    22:11   2:55   1:52 
Carson Soucy             0  0  0   0  2   0  0  0  0  0  0/0    15:10   0:00   0:00 
Christian Dvorak         0  0  0   0  0   3  0  1  0  0  0/0    11:06   0:25   0:00 
Erik Gudbranson          0  1  1   0  0   1  0  2  0  1  0/0    16:12   0:00   1:10 
Erik Karlsson            0  1  1  -1  0   1  1  0  1  0  0/0    22:47   3:02   2:06 
Gabriel Vilardi          0  0  0   1  0   1  1  0  0  0  1/1    16:45   3:09   0:00 
Jordan Eberle            0  0  0  -2  0   0  0  0  0  1  0/0    12:22   0:25   0:00 
Leon Draisaitl           0  0  0  -1  0   2  2  0  1  0  3/12   18:02   2:23   1:57 
Mattias Ekholm           0  0  0  -1  0   0  2  1  0  0  0/0    22:11   2:55   1:52 
Mitchell Marner          0  0  0  -1  0   0  1  0  1  0  1/2    18:02   2:23   1:57 
Pavel Buchnevich         0  0  0  -2  0   3  0  0  0  1  0/7    12:17   0:00   0:11 
Phillip Danault          1  0  1   0  0   2  0  0  1  0  4/7    10:41   0:00   0:00 
Ryan O'Reilly            0  1  1   1  0   4  0  0  0  0  12/17  18:35   3:09   1:50 
Sam Reinhart             0  0  0  -1  0   1  2  2  0  1  1/2    17:36   2:23   1:50 
Tage Thompson            1  0  1   1  0   6  0  0  0  0  0/0    16:45   3:09   0:00 
Travis Sanheim           0  0  0  -1  2   1  0  4  0  0  0/0    21:55   3:02   0:56 
Zemgus Girgensons        0  1  1   0  0   0  0  0  0  0  0/0    11:26   0:25   0:11 

3 Stars

1 - Colton Parayko (STL)
2 - Jack Eichel (STL)
3 - Alex Tuch (STL)

Power Play

St.Louis Blues - 0 on 2 Attempt(s) - 0.00%
Pittsburgh Penguins - 0 on 3 Attempt(s) - 0.00%

Penalty Kill

St.Louis Blues - 3 on 3 Attempt(s) - 100.00% - Score 0 goal in Penalty Kill
Pittsburgh Penguins - 2 on 2 Attempt(s) - 100.00% - Score 0 goal in Penalty Kill

Team Stat

St.Louis Blues - Hits : 21 - Faceoff Wins : 27 - Blocked Shots : 16 - Penalty Minutes : 6
Pittsburgh Penguins - Hits : 16 - Faceoff Wins : 22 - Blocked Shots : 12 - Penalty Minutes : 4

Official

Referees : Brandon Blandina and Kendrick Nicholson
Linesman : Brandon Gawryletz and Michel Cormier

Game Notes

No Game Note

Finance

Level 1 -- Attendance: 4498 (74.97%) -- Ticket Income $449,800
Level 2 -- Attendance: 3825 (76.50%) -- Ticket Income $229,500
Level 3 -- Attendance: 2147 (71.57%) -- Ticket Income $75,145
Level 4 -- Attendance: 3500 (70.00%) -- Ticket Income $87,500
Luxury Box -- Attendance: 826 (82.60%) -- Ticket Income $165,200
Game was played at the Consol Energy Center.
Total Attendance: 14796 (73.98%)
Total Ticket Income: $1,007,145
Other Income: $352,501
Total Income: $1,359,646

St.Louis Blues

5 vs 5 Forward 
   Center                   Left Wing                Right Wing               Time % Phy DF OF 
 1 Robert Thomas            Jake Guentzel            Brayden Point            35     0   2  3  
 2 Jack Eichel              Brandon Hagel            Alex Tuch                35     0   2  3  
 3 Vincent Trocheck         Elias Pettersson         Mark Stone               25     1   2  2  
 4 Isac Lundestrom          Joona Koppanen           Logan O'Connor           5      1   3  1  

5 vs 5 Defense 
   Defense                  Defense                                           Time % Phy DF OF 
 1 Jake Sanderson           Colton Parayko                                    45     1   2  2  
 2 Mikhail Sergachev        Jaccob Slavin                                     35     1   2  2  
 3 Adam Pelech              Connor Clifton                                    20     1   3  1  
 4 Jake Sanderson           Colton Parayko                                    0      1   2  2  

PowerPlay Forward 
   Center                   Left Wing                Right Wing               Time % Phy DF OF 
 1 Robert Thomas            Jack Eichel              Jake Guentzel            60     1   0  4  
 2 Vincent Trocheck         Brandon Hagel            Alex Tuch                40     1   0  4  

PowerPlay Defense
   Defense                  Defense                                           Time % Phy DF OF 
 1 Brayden Point            Jake Sanderson                                    60     0   1  4  
 2 Mark Stone               Mikhail Sergachev                                 40     0   1  4  

Penalty Kill 4 Players Forward 
   Center                   Wing                     Time % Phy DF OF 
 1 Vincent Trocheck         Joona Koppanen           50     2   3  0  
 2 Isac Lundestrom          Logan O'Connor           50     2   3  0  

Penalty Kill 4 Players Defense
   Defense                  Defense                  Time % Phy DF OF 
 1 Jaccob Slavin            Connor Clifton           50     2   3  0  
 2 Jake Sanderson           Colton Parayko           50     2   3  0  

Penalty Kill - 3 Players Forward 
   Forward                                           Time % Phy DF OF 
 1 Vincent Trocheck                                  50     0   5  0  
 2 Isac Lundestrom                                   50     0   5  0  

Penalty Kill - 3 Players Defense
   Defense                  Defense                  Time % Phy DF OF 
 1 Jaccob Slavin            Connor Clifton           50     0   5  0  
 2 Jake Sanderson           Colton Parayko           50     0   5  0  

4 vs 4 Forward 
   Center                   Wing                     Time % Phy DF OF 
 1 Jack Eichel              Brayden Point            50     0   2  3  
 2 Robert Thomas            Jake Guentzel            50     0   2  3  

4 vs 4 Defense
   Defense                  Defense                  Time % Phy DF OF 
 1 Jake Sanderson           Mikhail Sergachev        50     0   3  2  
 2 Colton Parayko           Jaccob Slavin            50     0   3  2  

Last Minutes Offensive
   Center                   Left Wing                Right Wing               Defense                  Defense                  
   Robert Thomas            Jack Eichel              Jake Guentzel            Brayden Point            Mikhail Sergachev        

Last Minutes Defensive
   Center                   Left Wing                Right Wing               Defense                  Defense                  
   Vincent Trocheck         Isac Lundestrom          Logan O'Connor           Jake Sanderson           Jaccob Slavin            

Goaltenders
Starting : Scott Wedgewood          
Backup : Connor Hellebuyck        

Extra Forwards
Normal : Brandon Hagel, Jake Guentzel, Alex Tuch - PP : Vincent Trocheck, Brayden Point - PK : Jack Eichel
Extra Defensemen
Normal : Jake Sanderson, Mikhail Sergachev, Colton Parayko - PP : Jake Sanderson - PK : Jaccob Slavin, Jake Sanderson
Penalty Shots
Vincent Trocheck, Jack Eichel, Brayden Point, Jake Guentzel, Brandon Hagel

Scratches
Artem Zub (Healthy), Luke Glendening (Healthy), Yanni Gourde (Healthy)

Pittsburgh Penguins

5 vs 5 Forward 
   Center                   Left Wing                Right Wing               Time % Phy DF OF 
 1 Leon Draisaitl           Sam Reinhart             Mitchell Marner          30     1   2  2  
 2 Ryan O'Reilly            Tage Thompson            Gabriel Vilardi          30     1   2  2  
 3 Pavel Buchnevich         Blake Coleman            Jordan Eberle            25     1   2  2  
 4 Phillip Danault          Christian Dvorak         Zemgus Girgensons        15     1   2  2  

5 vs 5 Defense 
   Defense                  Defense                                           Time % Phy DF OF 
 1 Travis Sanheim           Erik Karlsson                                     35     1   2  2  
 2 Brian Dumoulin           Mattias Ekholm                                    35     1   2  2  
 3 Carson Soucy             Erik Gudbranson                                   30     1   2  2  
 4 Travis Sanheim           Erik Karlsson                                     0      1   2  2  

PowerPlay Forward 
   Center                   Left Wing                Right Wing               Time % Phy DF OF 
 1 Leon Draisaitl           Sam Reinhart             Mitchell Marner          50     1   2  2  
 2 Ryan O'Reilly            Tage Thompson            Gabriel Vilardi          50     1   2  2  

PowerPlay Defense
   Defense                  Defense                                           Time % Phy DF OF 
 1 Travis Sanheim           Erik Karlsson                                     50     1   2  2  
 2 Brian Dumoulin           Mattias Ekholm                                    50     1   2  2  

Penalty Kill 4 Players Forward 
   Center                   Wing                     Time % Phy DF OF 
 1 Mitchell Marner          Leon Draisaitl           50     1   2  2  
 2 Sam Reinhart             Ryan O'Reilly            50     1   2  2  

Penalty Kill 4 Players Defense
   Defense                  Defense                  Time % Phy DF OF 
 1 Travis Sanheim           Erik Karlsson            50     1   2  2  
 2 Brian Dumoulin           Mattias Ekholm           50     1   2  2  

Penalty Kill - 3 Players Forward 
   Forward                                           Time % Phy DF OF 
 1 Mitchell Marner                                   50     1   2  2  
 2 Leon Draisaitl                                    50     1   2  2  

Penalty Kill - 3 Players Defense
   Defense                  Defense                  Time % Phy DF OF 
 1 Travis Sanheim           Erik Karlsson            50     1   2  2  
 2 Brian Dumoulin           Mattias Ekholm           50     1   2  2  

4 vs 4 Forward 
   Center                   Wing                     Time % Phy DF OF 
 1 Mitchell Marner          Leon Draisaitl           50     1   2  2  
 2 Sam Reinhart             Ryan O'Reilly            50     1   2  2  

4 vs 4 Defense
   Defense                  Defense                  Time % Phy DF OF 
 1 Travis Sanheim           Erik Karlsson            50     1   2  2  
 2 Brian Dumoulin           Mattias Ekholm           50     1   2  2  

Last Minutes Offensive
   Center                   Left Wing                Right Wing               Defense                  Defense                  
   Leon Draisaitl           Sam Reinhart             Mitchell Marner          Travis Sanheim           Erik Karlsson            

Last Minutes Defensive
   Center                   Left Wing                Right Wing               Defense                  Defense                  
   Leon Draisaitl           Sam Reinhart             Mitchell Marner          Travis Sanheim           Erik Karlsson            

Goaltenders
Starting : John Gibson              
Backup : Jordan Binnington        

Extra Forwards
Normal : Christian Dvorak, Zemgus Girgensons, Pavel Buchnevich - PP : Christian Dvorak, Zemgus Girgensons - PK : Pavel Buchnevich
Extra Defensemen
Normal : Carson Soucy, Erik Gudbranson, Brian Dumoulin - PP : Carson Soucy - PK : Erik Gudbranson, Brian Dumoulin
Penalty Shots
Mitchell Marner, Leon Draisaitl, Sam Reinhart, Ryan O'Reilly, Tage Thompson

Scratches
Jack Finley (Healthy), Justin Kirkland (Healthy), Kale Clague (Healthy), Michael DiPietro (Healthy)

% Time on Ice - St.Louis Blues

Lines # - Real PCT - Wanted PCT - Time Play
Normal Forward
1 - 33% - 35% - 16:43
2 - 31% - 35% - 15:29
3 - 21% - 25% - 10:26
4 - 15% - 5% - 7:27
Normal Defense
1 - 43% - 45% - 21:19
2 - 36% - 35% - 18:09
3 - 21% - 20% - 10:37
4 - 0% - 0% - 0:00
PP Forward
1 - 54% - 60% - 2:08
2 - 46% - 40% - 1:50
PP Defense
1 - 63% - 60% - 2:31
2 - 37% - 40% - 1:27
PK Forward
1 - 52% - 50% - 3:05
2 - 48% - 50% - 2:52
PK Defense
1 - 52% - 50% - 3:06
2 - 48% - 50% - 2:51
PK3 Forward
1 - 0% - 50%
2 - 0% - 50%
PK3 Defense
1 - 0% - 50%
2 - 0% - 50%
44 Forward
1 - 0% - 50%
2 - 0% - 50%
44 Defense
1 - 0% - 50%
2 - 0% - 50%
Last Minute Offensive  - 0:00
Last Minute Defensive  - 0:00
Total
Forward - 60:00
Defense - 60:00

% Time on Ice - Pittsburgh Penguins

Lines # - Real PCT - Wanted PCT - Time Play
Normal Forward
1 - 28% - 30% - 13:51
2 - 27% - 30% - 13:36
3 - 24% - 25% - 11:57
4 - 21% - 15% - 10:41
Normal Defense
1 - 35% - 35% - 17:39
2 - 35% - 35% - 17:24
3 - 30% - 30% - 15:02
4 - 0% - 0% - 0:00
PP Forward
1 - 40% - 50% - 2:23
2 - 60% - 50% - 3:34
PP Defense
1 - 51% - 50% - 3:02
2 - 49% - 50% - 2:55
PK Forward
1 - 51% - 50% - 2:01
2 - 49% - 50% - 1:57
PK Defense
1 - 53% - 50% - 2:06
2 - 47% - 50% - 1:52
PK3 Forward
1 - 0% - 50%
2 - 0% - 50%
PK3 Defense
1 - 0% - 50%
2 - 0% - 50%
44 Forward
1 - 0% - 50%
2 - 0% - 50%
44 Defense
1 - 0% - 50%
2 - 0% - 50%
Last Minute Offensive  - 0:00
Last Minute Defensive  - 0:00
Total
Forward - 60:00
Defense - 60:00

Play-by-Play

1st period


0:01 of 1st period - Leon Draisaitl wins face-off versus Robert Thomas in neutral zone.
0:06 of 1st period - Snap shot by Leon Draisaitl.
0:06 of 1st period - Shot Misses the Net.
0:32 of 1st period - Snap shot by Pavel Buchnevich.
0:32 of 1st period - Shot Blocked by Colton Parayko.
0:53 of 1st period - Colton Parayko is hit by Blake Coleman and loses puck.
1:12 of 1st period - Wrist shot by Robert Thomas.
1:12 of 1st period - Deflect By Brayden Point.
1:12 of 1st period - Deflect By Brian Dumoulin.
1:12 of 1st period - Goal by Brayden Point - St.Louis Blues : 1 - Pittsburgh Penguins : 0.
1:13 of 1st period - Gabriel Vilardi wins face-off versus Jack Eichel in neutral zone.
1:41 of 1st period - Snap shot by Vincent Trocheck.
1:41 of 1st period - Shot Blocked by Erik Gudbranson.
1:43 of 1st period - Wrist shot by Adam Pelech.
1:43 of 1st period - Shot Misses the Net.
1:45 of 1st period - Wrist shot by Mark Stone.
1:45 of 1st period - Shot Misses the Net.
1:47 of 1st period - Wrist shot by Elias Pettersson.
1:47 of 1st period - Deflect By Mark Stone.
1:47 of 1st period - Stopped by John Gibson without a rebound.
1:48 of 1st period - Jack Eichel wins face-off versus Leon Draisaitl in Pittsburgh Penguins zone.
2:11 of 1st period - Minor Penalty to Travis Sanheim for Hooking.
2:12 of 1st period - Robert Thomas wins face-off versus Mitchell Marner in Pittsburgh Penguins zone.
2:25 of 1st period - Wrist shot by Robert Thomas.
2:25 of 1st period - Stopped by John Gibson with a rebound.
2:27 of 1st period - Slapshot by Jack Eichel.
2:27 of 1st period - Shot Misses the Net.
3:23 of 1st period - Ryan O'Reilly is hit by Jake Guentzel and loses puck.
4:11 of 1st period - Penalty to Travis Sanheim is over, Travis Sanheim is back on ice.
4:14 of 1st period - Travis Sanheim is hit by Joona Koppanen and loses puck.
4:47 of 1st period - Snap shot by Pavel Buchnevich.
4:47 of 1st period - Stopped by Scott Wedgewood without a rebound.
4:48 of 1st period - Jack Eichel wins face-off versus Pavel Buchnevich in St.Louis Blues zone.
5:07 of 1st period - Slapshot by Tage Thompson.
5:07 of 1st period - Shot Misses the Net.
6:13 of 1st period - Erik Gudbranson is hit by Brandon Hagel and loses puck.
7:17 of 1st period - Wrist shot by Robert Thomas.
7:17 of 1st period - Stopped by John Gibson with a rebound.
7:19 of 1st period - Snap shot by Adam Pelech.
7:19 of 1st period - Shot Blocked by Blake Coleman.
7:33 of 1st period - Travis Sanheim is hit by Joona Koppanen and loses puck.
8:05 of 1st period - Snap shot by Tage Thompson.
8:05 of 1st period - Shot Misses the Net.
8:13 of 1st period - Snap shot by Ryan O'Reilly.
8:13 of 1st period - Shot Misses the Net.
8:46 of 1st period - Off-side.
8:47 of 1st period - Phillip Danault wins face-off versus Jack Eichel in neutral zone.
8:58 of 1st period - Zemgus Girgensons is hit by Colton Parayko and loses puck.
9:11 of 1st period - Slapshot by Brandon Hagel.
9:11 of 1st period - Stopped by John Gibson without a rebound.
9:12 of 1st period - Robert Thomas wins face-off versus Ryan O'Reilly in Pittsburgh Penguins zone.
9:57 of 1st period - Icing by Mark Stone.
9:58 of 1st period - Vincent Trocheck wins face-off versus Blake Coleman in St.Louis Blues zone.
10:09 of 1st period - Snap shot by Pavel Buchnevich.
10:09 of 1st period - Shot Misses the Net.
10:13 of 1st period - Wrist shot by Jordan Eberle.
10:13 of 1st period - Shot Misses the Net.
10:15 of 1st period - Slapshot by Erik Gudbranson.
10:15 of 1st period - Deflect By Vincent Trocheck.
10:15 of 1st period - Stopped by Scott Wedgewood with a rebound.
11:13 of 1st period - Snap shot by Leon Draisaitl.
11:13 of 1st period - Shot Blocked by Colton Parayko.
11:19 of 1st period - Slapshot by Robert Thomas.
11:19 of 1st period - Shot Misses the Net.
11:21 of 1st period - Slapshot by Colton Parayko.
11:21 of 1st period - Deflect By Leon Draisaitl.
11:21 of 1st period - Stopped by John Gibson without a rebound.
11:22 of 1st period - Jack Eichel wins face-off versus Pavel Buchnevich in Pittsburgh Penguins zone.
11:54 of 1st period - Off-side.
11:55 of 1st period - Robert Thomas wins face-off versus Leon Draisaitl in neutral zone.
12:15 of 1st period - Minor Penalty to Jake Guentzel for Roughing.
12:16 of 1st period - Vincent Trocheck wins face-off versus Leon Draisaitl in St.Louis Blues zone.
12:32 of 1st period - Snap shot by Leon Draisaitl.
12:32 of 1st period - Shot Hit the Post.
13:06 of 1st period - Sam Reinhart is hit by Logan O'Connor.
14:15 of 1st period - Penalty to Jake Guentzel is over, Jake Guentzel is back on ice.
14:24 of 1st period - Snap shot by Christian Dvorak.
14:24 of 1st period - Stopped by Scott Wedgewood without a rebound.
14:25 of 1st period - Phillip Danault wins face-off versus Robert Thomas in St.Louis Blues zone.
14:28 of 1st period - Snap shot by Christian Dvorak.
14:28 of 1st period - Stopped by Scott Wedgewood with a rebound.
14:42 of 1st period - Snap shot by Robert Thomas.
14:42 of 1st period - Stopped by John Gibson without a rebound.
14:43 of 1st period - Ryan O'Reilly wins face-off versus Jack Eichel in Pittsburgh Penguins zone.
14:43 of 1st period - Ryan O'Reilly is hit by Jack Eichel.
15:35 of 1st period - Slapshot by Mitchell Marner.
15:35 of 1st period - Shot Blocked by Mikhail Sergachev.
15:37 of 1st period - Wrist shot by Erik Gudbranson.
15:37 of 1st period - Shot Blocked by Mikhail Sergachev.
16:06 of 1st period - Slapshot by Robert Thomas.
16:06 of 1st period - Stopped by John Gibson without a rebound.
16:07 of 1st period - Mitchell Marner wins face-off versus Jack Eichel in Pittsburgh Penguins zone.
16:14 of 1st period - Snap shot by Brandon Hagel.
16:14 of 1st period - Stopped by John Gibson with a rebound.
16:16 of 1st period - Wrist shot by Colton Parayko.
16:16 of 1st period - Shot Misses the Net.
16:18 of 1st period - Slapshot by Colton Parayko.
16:18 of 1st period - Goal by Colton Parayko - St.Louis Blues : 2 - Pittsburgh Penguins : 0.
16:19 of 1st period - Ryan O'Reilly wins face-off versus Jack Eichel in neutral zone.
16:26 of 1st period - Jake Sanderson is hit by Brian Dumoulin and loses puck.
16:35 of 1st period - Snap shot by Ryan O'Reilly.
16:35 of 1st period - Stopped by Scott Wedgewood with a rebound.
16:56 of 1st period - Slapshot by Leon Draisaitl.
16:56 of 1st period - Stopped by Scott Wedgewood without a rebound.
16:57 of 1st period - Ryan O'Reilly wins face-off versus Jack Eichel in St.Louis Blues zone.
17:02 of 1st period - Wrist shot by Tage Thompson.
17:02 of 1st period - Stopped by Scott Wedgewood with a rebound.
17:04 of 1st period - Slapshot by Travis Sanheim.
17:04 of 1st period - Deflect By Tage Thompson.
17:04 of 1st period - Stopped by Scott Wedgewood with a rebound.
17:08 of 1st period - Wrist shot by Tage Thompson.
17:08 of 1st period - Stopped by Scott Wedgewood with a rebound.
17:10 of 1st period - Snap shot by Ryan O'Reilly.
17:10 of 1st period - Stopped by Scott Wedgewood without a rebound.
17:11 of 1st period - Sam Reinhart wins face-off versus Jack Eichel in St.Louis Blues zone.
17:47 of 1st period - Jake Sanderson is hit by Mattias Ekholm and loses puck.
17:52 of 1st period - Snap shot by Tage Thompson.
17:52 of 1st period - Stopped by Scott Wedgewood with a rebound.
18:42 of 1st period - Slapshot by Isac Lundestrom.
18:42 of 1st period - Stopped by John Gibson with a rebound.
18:44 of 1st period - Wrist shot by Isac Lundestrom.
18:44 of 1st period - Stopped by John Gibson without a rebound.
18:45 of 1st period - Phillip Danault wins face-off versus Isac Lundestrom in Pittsburgh Penguins zone.
19:00 of 1st period - Christian Dvorak is hit by Joona Koppanen and loses puck.
19:07 of 1st period - Snap shot by Logan O'Connor.
19:07 of 1st period - Deflect By Joona Koppanen.
19:07 of 1st period - Stopped by John Gibson with a rebound.
19:26 of 1st period - Snap shot by Phillip Danault.
19:26 of 1st period - Shot Misses the Net.
19:28 of 1st period - Snap shot by Christian Dvorak.
19:28 of 1st period - Stopped by Scott Wedgewood with a rebound.
19:30 of 1st period - Slapshot by Travis Sanheim.
19:30 of 1st period - Shot Blocked by Mikhail Sergachev.
19:34 of 1st period - Slapshot by Erik Karlsson.
19:34 of 1st period - Stopped by Scott Wedgewood with a rebound.
19:36 of 1st period - Slapshot by Erik Karlsson.
19:36 of 1st period - Deflect By Phillip Danault.
19:36 of 1st period - Goal by Phillip Danault - St.Louis Blues : 2 - Pittsburgh Penguins : 1.
19:37 of 1st period - Ryan O'Reilly wins face-off versus Jack Eichel in neutral zone.
Goals for this period are 2 for St.Louis Blues vs 1 for Pittsburgh Penguins.
Shots for this period are 13 for St.Louis Blues vs 14 for Pittsburgh Penguins.

2nd period


0:01 of 2nd period - Vincent Trocheck wins face-off versus Leon Draisaitl in neutral zone.
1:49 of 2nd period - Minor Penalty to Carson Soucy for Hooking.
1:50 of 2nd period - Robert Thomas wins face-off versus Sam Reinhart in Pittsburgh Penguins zone.
1:57 of 2nd period - Snap shot by Jack Eichel.
1:57 of 2nd period - Stopped by John Gibson with a rebound.
2:22 of 2nd period - Leon Draisaitl is hit by Mark Stone and loses puck.
3:49 of 2nd period - Penalty to Carson Soucy is over, Carson Soucy is back on ice.
5:31 of 2nd period - Wrist shot by Erik Karlsson.
5:31 of 2nd period - Shot Misses the Net.
5:53 of 2nd period - Adam Pelech is hit by Blake Coleman.
6:22 of 2nd period - Minor Penalty to Brandon Hagel for Roughing.
6:23 of 2nd period - Isac Lundestrom wins face-off versus Ryan O'Reilly in St.Louis Blues zone.
6:37 of 2nd period - Snap shot by Tage Thompson.
6:37 of 2nd period - Stopped by Scott Wedgewood with a rebound.
6:39 of 2nd period - Snap shot by Erik Karlsson.
6:39 of 2nd period - Shot Blocked by Joona Koppanen.
7:02 of 2nd period - Wrist shot by Logan O'Connor.
7:02 of 2nd period - Stopped by John Gibson with a rebound.
7:04 of 2nd period - Slapshot by Colton Parayko.
7:04 of 2nd period - Shot Blocked by Travis Sanheim.
7:06 of 2nd period - Backhand shot by Isac Lundestrom.
7:06 of 2nd period - Shot Blocked by Sam Reinhart.
7:08 of 2nd period - Wrist shot by Colton Parayko.
7:08 of 2nd period - Stopped by John Gibson with a rebound.
7:18 of 2nd period - Wrist shot by Sam Reinhart.
7:18 of 2nd period - Stopped by Scott Wedgewood with a rebound.
7:20 of 2nd period - Slapshot by Tage Thompson.
7:20 of 2nd period - Shot Misses the Net.
7:22 of 2nd period - Wrist shot by Travis Sanheim.
7:22 of 2nd period - Shot Blocked by Jaccob Slavin.
7:24 of 2nd period - Snap shot by Ryan O'Reilly.
7:24 of 2nd period - Shot Blocked by Joona Koppanen.
8:22 of 2nd period - Penalty to Brandon Hagel is over, Brandon Hagel is back on ice.
8:26 of 2nd period - Travis Sanheim is hit by Logan O'Connor and loses puck.
8:37 of 2nd period - Snap shot by Brandon Hagel.
8:37 of 2nd period - Stopped by John Gibson with a rebound.
8:39 of 2nd period - Slapshot by Jake Sanderson.
8:39 of 2nd period - Shot Misses the Net.
8:41 of 2nd period - Slapshot by Isac Lundestrom.
8:41 of 2nd period - Stopped by John Gibson with a rebound.
8:43 of 2nd period - Snap shot by Brandon Hagel.
8:43 of 2nd period - Shot Misses the Net.
8:45 of 2nd period - Snap shot by Brandon Hagel.
8:45 of 2nd period - Shot Blocked by Travis Sanheim.
9:23 of 2nd period - Wrist shot by Jordan Eberle.
9:23 of 2nd period - Shot Misses the Net.
9:33 of 2nd period - Slapshot by Jake Sanderson.
9:33 of 2nd period - Stopped by John Gibson without a rebound.
9:34 of 2nd period - Leon Draisaitl wins face-off versus Robert Thomas in Pittsburgh Penguins zone.
9:44 of 2nd period - Snap shot by Brayden Point.
9:44 of 2nd period - Stopped by John Gibson with a rebound.
9:46 of 2nd period - Slapshot by Jaccob Slavin.
9:46 of 2nd period - Deflect By Brayden Point.
9:46 of 2nd period - Shot Blocked by Brian Dumoulin.
9:46 of 2nd period - Puck is out of play.
9:47 of 2nd period - Ryan O'Reilly wins face-off versus Robert Thomas in Pittsburgh Penguins zone.
10:14 of 2nd period - Jaccob Slavin is hit by Leon Draisaitl and loses puck.
10:36 of 2nd period - Off-side.
10:37 of 2nd period - Phillip Danault wins face-off versus Jack Eichel in neutral zone.
10:40 of 2nd period - Backhand shot by Brian Dumoulin.
10:40 of 2nd period - Stopped by Scott Wedgewood with a rebound.
11:02 of 2nd period - Wrist shot by Ryan O'Reilly.
11:02 of 2nd period - Shot Misses the Net.
11:04 of 2nd period - Snap shot by Ryan O'Reilly.
11:04 of 2nd period - Stopped by Scott Wedgewood with a rebound.
11:06 of 2nd period - Backhand shot by Erik Gudbranson.
11:06 of 2nd period - Deflect By Tage Thompson.
11:06 of 2nd period - Goal by Tage Thompson - St.Louis Blues : 2 - Pittsburgh Penguins : 2.
11:07 of 2nd period - Robert Thomas wins face-off versus Ryan O'Reilly in neutral zone.
12:45 of 2nd period - Mikhail Sergachev is hit by Leon Draisaitl and loses puck.
13:05 of 2nd period - Minor Penalty to Mikhail Sergachev for Tripping.
13:06 of 2nd period - Isac Lundestrom wins face-off versus Ryan O'Reilly in St.Louis Blues zone.
13:58 of 2nd period - Erik Karlsson is hit by Joona Koppanen.
14:48 of 2nd period - Colton Parayko is hit by Mattias Ekholm.
15:05 of 2nd period - Penalty to Mikhail Sergachev is over, Mikhail Sergachev is back on ice.
15:10 of 2nd period - Brayden Point is hit by Erik Karlsson and loses puck.
15:55 of 2nd period - Sam Reinhart is hit by Robert Thomas and loses puck.
16:17 of 2nd period - Off-side.
16:18 of 2nd period - Vincent Trocheck wins face-off versus Phillip Danault in neutral zone.
16:21 of 2nd period - Slapshot by Elias Pettersson.
16:21 of 2nd period - Shot Misses the Net.
17:07 of 2nd period - Wrist shot by Mitchell Marner.
17:07 of 2nd period - Shot Blocked by Jack Eichel.
17:53 of 2nd period - Wrist shot by Elias Pettersson.
17:53 of 2nd period - Stopped by John Gibson without a rebound.
17:54 of 2nd period - Ryan O'Reilly wins face-off versus Robert Thomas in Pittsburgh Penguins zone.
17:59 of 2nd period - Slapshot by Robert Thomas.
17:59 of 2nd period - Stopped by John Gibson with a rebound.
18:09 of 2nd period - Snap shot by Gabriel Vilardi.
18:09 of 2nd period - Shot Blocked by Jaccob Slavin.
18:11 of 2nd period - Wrist shot by Travis Sanheim.
18:11 of 2nd period - Stopped by Scott Wedgewood without a rebound.
18:12 of 2nd period - Vincent Trocheck wins face-off versus Leon Draisaitl in St.Louis Blues zone.
18:21 of 2nd period - Snap shot by Vincent Trocheck.
18:21 of 2nd period - Stopped by John Gibson without a rebound.
18:22 of 2nd period - Vincent Trocheck wins face-off versus Leon Draisaitl in Pittsburgh Penguins zone.
18:27 of 2nd period - Snap shot by Vincent Trocheck.
18:27 of 2nd period - Stopped by John Gibson without a rebound.
18:28 of 2nd period - Ryan O'Reilly wins face-off versus Robert Thomas in Pittsburgh Penguins zone.
18:41 of 2nd period - Wrist shot by Gabriel Vilardi.
18:41 of 2nd period - Stopped by Scott Wedgewood with a rebound.
18:43 of 2nd period - Slapshot by Brian Dumoulin.
18:43 of 2nd period - Deflect By Jake Sanderson.
18:43 of 2nd period - Stopped by Scott Wedgewood without a rebound.
18:44 of 2nd period - Jack Eichel wins face-off versus Leon Draisaitl in St.Louis Blues zone.
18:44 of 2nd period - Jack Eichel is hit by Sam Reinhart.
19:10 of 2nd period - Brian Dumoulin is hit by Robert Thomas and loses puck.
19:58 of 2nd period - Wrist shot by Alex Tuch.
19:58 of 2nd period - Goal by Alex Tuch - St.Louis Blues : 3 - Pittsburgh Penguins : 2.
19:59 of 2nd period - Ryan O'Reilly wins face-off versus Robert Thomas in neutral zone.
Goals for this period are 1 for St.Louis Blues vs 1 for Pittsburgh Penguins.
Shots for this period are 12 for St.Louis Blues vs 8 for Pittsburgh Penguins.

3rd period


0:01 of 3rd period - Robert Thomas wins face-off versus Ryan O'Reilly in neutral zone.
0:11 of 3rd period - Icing by Erik Gudbranson.
0:12 of 3rd period - Ryan O'Reilly wins face-off versus Jack Eichel in Pittsburgh Penguins zone.
0:38 of 3rd period - Off-side.
0:39 of 3rd period - Robert Thomas wins face-off versus Leon Draisaitl in neutral zone.
1:06 of 3rd period - Leon Draisaitl is hit by Mikhail Sergachev and loses puck.
1:17 of 3rd period - Snap shot by Elias Pettersson.
1:17 of 3rd period - Shot Misses the Net.
1:19 of 3rd period - Wrist shot by Mark Stone.
1:19 of 3rd period - Shot Blocked by Sam Reinhart.
1:35 of 3rd period - Slapshot by Mattias Ekholm.
1:35 of 3rd period - Shot Hit the Post.
1:37 of 3rd period - Snap shot by Ryan O'Reilly.
1:37 of 3rd period - Shot Blocked by Colton Parayko.
1:39 of 3rd period - Snap shot by Ryan O'Reilly.
1:39 of 3rd period - Stopped by Scott Wedgewood with a rebound.
1:41 of 3rd period - Snap shot by Ryan O'Reilly.
1:41 of 3rd period - Shot Blocked by Jake Sanderson.
2:56 of 3rd period - Wrist shot by Brandon Hagel.
2:56 of 3rd period - Shot Misses the Net.
2:58 of 3rd period - Wrist shot by Brandon Hagel.
2:58 of 3rd period - Shot Misses the Net.
3:02 of 3rd period - Backhand shot by Alex Tuch.
3:02 of 3rd period - Stopped by John Gibson with a rebound.
3:56 of 3rd period - Snap shot by Logan O'Connor.
3:56 of 3rd period - Stopped by John Gibson with a rebound.
4:29 of 3rd period - Snap shot by Jack Eichel.
4:29 of 3rd period - Deflect By Brandon Hagel.
4:29 of 3rd period - Shot Blocked by Mattias Ekholm.
4:29 of 3rd period - Puck is out of play.
4:30 of 3rd period - Robert Thomas wins face-off versus Pavel Buchnevich in Pittsburgh Penguins zone.
4:33 of 3rd period - Wrist shot by Brayden Point.
4:33 of 3rd period - Stopped by John Gibson without a rebound.
4:34 of 3rd period - Robert Thomas wins face-off versus Pavel Buchnevich in Pittsburgh Penguins zone.
4:41 of 3rd period - Slapshot by Robert Thomas.
4:41 of 3rd period - Shot Blocked by Travis Sanheim.
4:49 of 3rd period - Snap shot by Jake Guentzel.
4:49 of 3rd period - Stopped by John Gibson without a rebound.
4:50 of 3rd period - Ryan O'Reilly wins face-off versus Jack Eichel in Pittsburgh Penguins zone.
5:40 of 3rd period - Vincent Trocheck is hit by Blake Coleman.
5:44 of 3rd period - Jordan Eberle is hit by Vincent Trocheck.
6:07 of 3rd period - Christian Dvorak is hit by Isac Lundestrom and loses puck.
6:20 of 3rd period - Adam Pelech is hit by Gabriel Vilardi and loses puck.
6:30 of 3rd period - Off-side.
6:31 of 3rd period - Robert Thomas wins face-off versus Leon Draisaitl in neutral zone.
6:36 of 3rd period - Mattias Ekholm is hit by Robert Thomas and loses puck.
6:47 of 3rd period - Snap shot by Leon Draisaitl.
6:47 of 3rd period - Stopped by Scott Wedgewood with a rebound.
7:20 of 3rd period - Backhand shot by Zemgus Girgensons.
7:20 of 3rd period - Deflect By Phillip Danault.
7:20 of 3rd period - Shot Blocked by Jake Sanderson.
7:20 of 3rd period - Puck is out of play.
7:21 of 3rd period - Robert Thomas wins face-off versus Phillip Danault in St.Louis Blues zone.
8:12 of 3rd period - Slapshot by Brandon Hagel.
8:12 of 3rd period - Shot Misses the Net.
8:14 of 3rd period - Snap shot by Brandon Hagel.
8:14 of 3rd period - Shot Misses the Net.
8:32 of 3rd period - Wrist shot by Ryan O'Reilly.
8:32 of 3rd period - Shot Misses the Net.
8:54 of 3rd period - Erik Karlsson is hit by Jake Sanderson.
9:06 of 3rd period - Wrist shot by Brayden Point.
9:06 of 3rd period - Stopped by John Gibson with a rebound.
9:40 of 3rd period - Wrist shot by Pavel Buchnevich.
9:40 of 3rd period - Stopped by Scott Wedgewood with a rebound.
9:48 of 3rd period - Jordan Eberle is hit by Alex Tuch and loses puck.
10:09 of 3rd period - Jake Sanderson is hit by Mitchell Marner.
11:02 of 3rd period - Wrist shot by Mitchell Marner.
11:02 of 3rd period - Shot Blocked by Jack Eichel.
11:38 of 3rd period - Robert Thomas is hit by Sam Reinhart and loses puck.
11:49 of 3rd period - Off-side.
11:50 of 3rd period - Ryan O'Reilly wins face-off versus Jack Eichel in neutral zone.
12:51 of 3rd period - Snap shot by Jordan Eberle.
12:51 of 3rd period - Shot Misses the Net.
13:10 of 3rd period - Snap shot by Ryan O'Reilly.
13:10 of 3rd period - Shot Misses the Net.
14:05 of 3rd period - Wrist shot by Blake Coleman.
14:05 of 3rd period - Shot Blocked by Adam Pelech.
14:07 of 3rd period - Snap shot by Pavel Buchnevich.
14:07 of 3rd period - Stopped by Scott Wedgewood without a rebound.
14:08 of 3rd period - Vincent Trocheck wins face-off versus Pavel Buchnevich in St.Louis Blues zone.
14:13 of 3rd period - Erik Gudbranson is hit by Vincent Trocheck and loses puck.
14:22 of 3rd period - Wrist shot by Elias Pettersson.
14:22 of 3rd period - Stopped by John Gibson with a rebound.
14:24 of 3rd period - Snap shot by Mark Stone.
14:24 of 3rd period - Shot Misses the Net.
14:28 of 3rd period - Snap shot by Vincent Trocheck.
14:28 of 3rd period - Shot Misses the Net.
14:30 of 3rd period - Wrist shot by Elias Pettersson.
14:30 of 3rd period - Goal by Elias Pettersson - St.Louis Blues : 4 - Pittsburgh Penguins : 2.
14:31 of 3rd period - Ryan O'Reilly wins face-off versus Jack Eichel in neutral zone.
15:04 of 3rd period - Snap shot by Pavel Buchnevich.
15:04 of 3rd period - Shot Blocked by Jake Sanderson.
15:07 of 3rd period - Icing by Jack Eichel.
15:08 of 3rd period - Jack Eichel wins face-off versus Pavel Buchnevich in St.Louis Blues zone.
15:08 of 3rd period - Jack Eichel is hit by Blake Coleman.
15:18 of 3rd period - Alex Tuch is hit by Blake Coleman and loses puck.
15:25 of 3rd period - Slapshot by Jake Sanderson.
15:25 of 3rd period - Deflect By Jack Eichel.
15:25 of 3rd period - Shot Misses the Net.
15:25 of 3rd period - Puck is out of play.
15:26 of 3rd period - Leon Draisaitl wins face-off versus Vincent Trocheck in Pittsburgh Penguins zone.
15:32 of 3rd period - Mitchell Marner is hit by Elias Pettersson and loses puck.
15:53 of 3rd period - Robert Thomas is hit by Blake Coleman and loses puck.
16:16 of 3rd period - Snap shot by Jack Eichel.
16:16 of 3rd period - Shot Misses the Net.
16:34 of 3rd period - Slapshot by Mikhail Sergachev.
16:34 of 3rd period - Shot Misses the Net.
16:36 of 3rd period - Wrist shot by Logan O'Connor.
16:36 of 3rd period - Shot Blocked by Travis Sanheim.
16:38 of 3rd period - Slapshot by Jaccob Slavin.
16:38 of 3rd period - Shot Blocked by Christian Dvorak.
16:58 of 3rd period - Snap shot by Elias Pettersson.
16:58 of 3rd period - Stopped by John Gibson with a rebound.
18:11 of 3rd period - Wrist shot by Brayden Point.
18:11 of 3rd period - Stopped by John Gibson with a rebound.
18:13 of 3rd period - Snap shot by Adam Pelech.
18:13 of 3rd period - Deflect By Jake Guentzel.
18:13 of 3rd period - Shot Blocked by Erik Gudbranson.
18:13 of 3rd period - Puck is out of play.
18:14 of 3rd period - Robert Thomas wins face-off versus Phillip Danault in Pittsburgh Penguins zone.
19:09 of 3rd period - Snap shot by Brayden Point.
19:09 of 3rd period - Stopped by John Gibson with a rebound.
19:11 of 3rd period - Slapshot by Colton Parayko.
19:11 of 3rd period - Shot Misses the Net.
19:13 of 3rd period - Wrist shot by Jaccob Slavin.
19:13 of 3rd period - Stopped by John Gibson with a rebound.
19:15 of 3rd period - Wrist shot by Brayden Point.
19:15 of 3rd period - Stopped by John Gibson with a rebound.
19:17 of 3rd period - Slapshot by Robert Thomas.
19:17 of 3rd period - Stopped by John Gibson with a rebound.
19:19 of 3rd period - Snap shot by Mikhail Sergachev.
19:19 of 3rd period - Shot Misses the Net.
19:21 of 3rd period - Slapshot by Jake Sanderson.
19:21 of 3rd period - Stopped by John Gibson with a rebound.
19:23 of 3rd period - Slapshot by Colton Parayko.
19:23 of 3rd period - Stopped by John Gibson with a rebound.
19:31 of 3rd period - Slapshot by Phillip Danault.
19:31 of 3rd period - Stopped by Scott Wedgewood with a rebound.
19:33 of 3rd period - Slapshot by Erik Gudbranson.
19:33 of 3rd period - Deflect By Zemgus Girgensons.
19:33 of 3rd period - Shot Misses the Net.
19:33 of 3rd period - Puck is out of play.
19:34 of 3rd period - Brandon Hagel wins face-off versus Pavel Buchnevich in St.Louis Blues zone.
Goals for this period are 1 for St.Louis Blues vs 0 for Pittsburgh Penguins.
Shots for this period are 15 for St.Louis Blues vs 5 for Pittsburgh Penguins.